 Dungeon Crawl Stone Soup version 0.28-a0-643-g84cb2ea78e (webtiles) character file.

Game seed: 15350817440684468711

5356 blank1 the Fighter (level 10, -3/91 HPs)
             Began as a Ghoul Monk on Oct 11, 2021.
             Was a Priest of Jiyva.
             Killed by the air
             ... invoked by Gastronok
              (32 damage)
             ... on level 8 of the Dungeon.
             The game lasted 00:25:47 (10877 turns).

blank1 the Fighter (Ghoul Monk)                    Turns: 10877, Time: 00:25:47

Health: -3/91      AC: 18    Str: 17    XL:     10   Next: 65%
Magic:  12/12      EV:  6    Int:  8    God:    Jiyva [***...]
Gold:   327        SH:  0    Dex: 10    Spells: 10/13 levels left

rFire   . . .      SeeInvis .     - Unarmed
rCold   + . .      Faith    .   (no shield)
rNeg    + + +      Spirit   .   d - +1 plate armour
rPois   ∞          Reflect  .   k - +0 helmet
rElec   .          Harm     .   o - +0 cloak
rCorr   +          Rampage  .   j - +0 pair of gloves
Will    .....                   i - +0 pair of boots
Stlth   ..........              (no amulet)
HPRegen 0.00/turn               (no ring)
MPRegen 0.13/turn               (no ring)

@: mighty, inhibited regen, studying Necromancy
A: claws 1, cold resistance 1, negative energy resistance 3, inhibited
regeneration, torment resistance 2
a: Renounce Religion, Request Jelly


You were on level 8 of the Dungeon.
You worshipped Jiyva.
Jiyva was most pleased with you.
You visited 2 branches of the dungeon, and saw 9 of its levels.

You collected 327 gold pieces.

Inventory:

Hand Weapons
 n - the +10 short sword "Umeann" {drain, Will+}
   (You found it on level 5 of the Dungeon)

   A truly terrible weapon, it drains the life of any living foe it strikes.
   Will:      It increases your willpower.
Missiles
 p - a throwing net (quivered)
Armour
 d - a +1 plate armour (worn)
 i - a +0 pair of boots (worn)
 j - a +0 pair of gloves (worn)
 k - a +0 helmet (worn)
 o - a +0 cloak (worn)
Scrolls
 a - a scroll of fear
 h - 2 scrolls of teleportation
 m - a scroll of torment {unknown}
 q - a scroll of magic mapping {unknown}
Potions
 b - a potion of haste
 c - 3 potions of curing
 e - a potion of flight {unknown}
 f - 2 potions of might
 g - a potion of heal wounds
 l - 2 potions of brilliance {unknown}


   Skills:
 + Level 9.6 Fighting
 - Level 6.0 Armour
 + Level 5.8 Dodging
 - Level 5.0 Stealth
 + Level 9.6 Unarmed Combat
 - Level 2.0 Spellcasting
 - Level 4.1 Necromancy


You had 10 spell levels left.
You knew the following spells:

 Your Spells              Type           Power      Damage    Failure   Level
a - Corpse Rot            Necr/Air       N/A        N/A       100%        2
b - Animate Skeleton      Necr           14%        N/A       94%         1

Your spell library contained the following spells:

 Spells                   Type           Power      Damage    Failure   Level
 Blink                    Tloc           N/A        N/A       100%        2
 Dispel Undead            Necr           7%         3d8       100%        4
 Manifold Assault         Tloc           0%         N/A       100%        5
 Death Channel            Necr           3%         N/A       100%        6
 Summon Hydra             Summ           0%         N/A       100%        7
 Chain Lightning          Conj/Air       0%         N/A       100%        9
 Fire Storm               Conj/Fire      0%         5d1       100%        9
 Shatter                  Erth           0%         3d5*      100%        9
 Sublimation of Blood     Necr           Unusable   N/A       N/A         2
 Wereblood                Tmut           Unusable   N/A       N/A         2
 Storm Form               Tmut/Air       Unusable   N/A       N/A         7

Dungeon Overview and Level Annotations

Branches:
Dungeon (8/15)             Temple (1/1) D:6            Lair (0/6) D:8

Altars:
Ashenzari
Cheibriados
Dithmenos
Fedhas
Hepliaklqana
Kikubaaqudgha
Qazlal
Sif Muna
Trog
Vehumet
Wu Jian
Zin
The Shining One
Jiyva

Shops:
D:8 [

Annotations:
D:8 Gastronok, Joseph


Innate Abilities, Weirdness & Mutations

You thrive by killing the living.
You are immune to poison.
You have sharp fingernails.
Your flesh is cold resistant. (rC+)
You are immune to negative energy. (rN+++)
You do not regenerate when monsters are visible.
You are immune to unholy pain and torment.


Message History

The wyvern bites you but does no damage.
The wyvern bites you.
You hit the wyvern. You punch the wyvern!
The wyvern is heavily wounded.
The wyvern bites you.
You punch the wyvern! You punch the wyvern, but do no damage.
The wyvern is almost dead.
The wyvern bites you but does no damage.
You punch the wyvern!
You kill the wyvern!
You feel better.
You see here a wyvern corpse.
There is an entrance to Cheibriados's Comfort Zone here.
Gastronok the Ponderous comes into view.
He is wearing a +1 hat of see invisible.
Okay, then.
Okay, then.
You feel very mighty all of a sudden.
Found a stone staircase leading down.
Found a stone staircase leading down.
Gastronok bites you!!
You punch Gastronok!
Gastronok is lightly wounded.
You punch Gastronok!
Gastronok is lightly wounded.
Gastronok bites you!!
You punch Gastronok!
Gastronok is moderately wounded.
You pummel Gastronok!!
Gastronok is moderately wounded.
You punch Gastronok!
Gastronok is heavily wounded.
Gastronok waves his eye-stalks in wide circles.
The air twists around and strikes you!!
Your plate armour prevents you from hitting Gastronok.
Gastronok is heavily wounded.
You punch Gastronok! x2
Gastronok is severely wounded.
Gastronok waves his eye-stalks in wide circles.
The air twists around and strikes you!!
You die...

. ### ### ># ###.. .>##.# #...#
#.....# #.#.# #... .# ##.#.#
#.#.###.#...#####....#
##.#.....#.#≈.≈.≈......
#.......@w...≈≈≈.#.>..##
#..###.###.#≈≈_≈.#.....
#########..# #.# #.#.≈≈≈≈#.#..#
........#..###......≈..≈≈#.#..#
#######.#..........##@..##.#.###
#.......................)......##
#.############################...
#.# #...# ..# #....#.##


You could see Gastronok.

Vanquished Creatures
  Pikel (D:4)
  Grinder (D:4)
  A wyvern (D:8)
  Grum (D:8)
  6 yaks (D:7)
  4 humans (D:7)
  Eustachio (D:4)
  Menkaure (D:6)
  2 orc warriors
  A hornet zombie (D:8)
  A black bear (D:7)
  A necrophage (D:7)
  An ogre (D:7)
  3 phantoms
  2 centaurs
  The ghost of BuzzyBeetle the Conjurer, an amateur HuCj of Vehumet (D:3)
  4 wolves
  4 kobold brigands (D:4)
  Blork the orc (D:6)
  2 scorpions
  3 killer bees (D:7)
  3 wights (D:8)
  A centaur zombie (D:7)
  2 hounds
  An orc priest (D:7)
  Crazy Yiuf (D:6)
  An iguana (D:5)
  Natasha (thrice) (D:2)
  8 orc wizards
  A hound skeleton (D:5)
  23 gnolls
  6 adders
  3 worms
  3 dart slugs
  18 orcs
  5 ball pythons
  7 endoplasms
  2 giant cockroaches (D:4)
  8 goblins
  10 hobgoblins
  6 jackals
  41 kobolds
  5 quokkas
  4 bats
  2 frilled lizards
  6 rats
212 creatures vanquished.

Vanquished Creatures (others)
  A centaur warrior (D:8)
  A black bear (D:6)
  A centaur (D:7)
  A kobold brigand (D:8)
  A scorpion (D:6)
  13 jellies
  A centaur zombie (D:8)
  A howler monkey (D:6)
  2 hounds
  A bullfrog zombie (D:6)
  An orc priest (D:7)
  An orc wizard (D:6)
  A killer bee zombie (D:8)
  A white imp (D:8)
  2 ufetubi (D:6)
  3 orcs
  A jackal (D:7)
  A fungus (D:6)
  4 plants (D:6)
38 creatures vanquished.

Grand Total: 250 creatures vanquished

Notes
Turn   | Place    | Note
-------+----------+-------------------------------------------
     0 | D:1      | blank1 the Ghoul Monk began the quest for the Orb.
     0 | D:1      | Reached XP level 1. HP: 19/19 MP: 0/0
   167 | D:1      | Reached XP level 2. HP: 26/26 MP: 1/1
  1452 | D:2      | Reached XP level 3. HP: 29/33 MP: 2/2
  1587 | D:2      | Reached XP level 4. HP: 35/40 MP: 3/3
  1772 | D:2      | Noticed Natasha
  1780 | D:2      | Killed Natasha
  1918 | D:2      | Found a faded altar of an unknown god.
  1983 | D:2      | Noticed Natasha
  1988 | D:2      | Killed Natasha
  1989 | D:2      | Reached XP level 5. HP: 45/46 MP: 4/4
  2052 | D:2      | Noticed Natasha
  2059 | D:2      | Killed Natasha
  2422 | D:3      | Reached skill level 5 in Unarmed Combat
  2667 | D:3      | Found a bloodstained altar of Trog.
  2731 | D:3      | Found a hazy altar of Hepliaklqana.
  2957 | D:3      | Found a runed translucent gate.
  2957 | D:3      | Found a runed translucent gate.
  2958 | D:3      | Found a runed translucent gate.
  2960 | D:3      | Noticed BuzzyBeetle's ghost (amateur HuCj)
  2992 | D:3      | Killed BuzzyBeetle's ghost
  2993 | D:3      | Reached skill level 1 in Armour
  2993 | D:3      | Reached XP level 6. HP: 31/53 MP: 5/5
  3490 | D:4      | Noticed Pikel
  3525 | D:4      | Killed Pikel
  3526 | D:4      | Reached skill level 5 in Fighting
  3526 | D:4      | Reached XP level 7. HP: 40/61 MP: 6/6
  3621 | D:4      | Noticed Grinder
  3628 | D:4      | Paralysed by Grinder for 6 turns
  3647 | D:4      | Paralysed by Grinder for 6 turns
  3657 | D:4      | Paralysed by Grinder for 4 turns
  3679 | D:4      | Paralysed by Grinder for 6 turns
  3687 | D:4      | Killed Grinder
  3688 | D:4      | Reached skill level 5 in Stealth
  3688 | D:4      | Reached XP level 8. HP: 45/68 MP: 7/7
  3796 | D:4      | Noticed Eustachio
  4405 | D:4      | Killed Eustachio
  5243 | D:4      | Reached skill level 5 in Armour
  5243 | D:4      | Reached skill level 5 in Dodging
  5454 | D:4      | Reached XP level 9. HP: 73/75 MP: 8/8
  5682 | D:5      | Entered Level 5 of the Dungeon
  5971 | D:5      | Identified a scroll of acquirement
  5971 | D:5      | Acquired a manual of Necromancy
  6080 | D:5      | Reached skill level 1 in Necromancy
  6786 | D:5      | Reached skill level 1 in Spellcasting
  7131 | D:5      | Identified the +10 short sword "Umeann" {drain, Will+}
  7137 | D:5      | Learned a level 2 spell: Corpse Rot
  7169 | D:6      | Found a staircase to the Ecumenical Temple.
  7195 | Temple   | Entered the Ecumenical Temple
  7199 | Temple   | Became a worshipper of Jiyva Jyxzut the Shapeless
  7199 | Temple   | Reached * piety under Jiyva
  7199 | Temple   | Reached ** piety under Jiyva
  7376 | D:6      | Noticed Blork the orc
  7384 | D:6      | Killed Blork the orc
  7524 | D:6      | Noticed Menkaure
  7527 | D:6      | Killed Menkaure
  7576 | D:6      | Found a snail-covered altar of Cheibriados.
  7644 | D:6      | Found an ancient bone altar of Kikubaaqudgha.
  7652 | D:6      | Got Kikubaaqudgha's Compendium of Necromancy
  7657 | D:6      | Found a radiant altar of Vehumet.
  7689 | D:6      | Found a shimmering blue altar of Sif Muna.
  7776 | D:6      | Found a shadowy altar of Dithmenos.
  8051 | D:6      | Found a runed translucent door.
  8052 | D:6      | Noticed Crazy Yiuf
  8060 | D:6      | Killed Crazy Yiuf
  8239 | D:7      | Found an ornate altar of the Wu Jian Council.
  8540 | D:6      | Learned a level 1 spell: Animate Skeleton
  8929 | D:7      | Identified the +3 leather armour of the Gastropod {Drain
                  | rN++ Dex+7}
  9177 | D:7      | Reached XP level 10. HP: 64/90 MP: 12/12
  9792 | D:7      | Reached *** piety under Jiyva
  9944 | D:8      | Killed a centaur warrior
 10007 | D:8      | Noticed Grum
 10342 | D:8      | Killed Grum
 10420 | D:8      | Found a blossoming altar of Fedhas.
 10605 | D:8      | Noticed Joseph
 10689 | D:8      | Found a staircase to the Lair.
 10790 | D:8      | Found Cheibriados's Comfort Zone.
 10790 | D:8      | Found a snail-covered altar of Cheibriados.
 10866 | D:8      | Noticed Gastronok
 10877 | D:8      | Killed from afar by Gastronok

Illustrated notes

Levels and vault maps discovered:
D:1:      dpeg_arrival_lava_temple_mockup, layout_basic
D:2:      layout_basic, ebering_ecumenical_altar_mist, minmay_close_crescents,
          uniq_natasha
D:3:      layout_basic, mainiacjoe_overflow_alcove_1,
          worldfamousw_hep_ancestral_shrine, trog_hazing_becter,
          ebering_ghost_rock_garden
D:4:      minmay_goblin_kobold_castle, layout_basic, wad_rectangle_vault,
          uniq_eustachio, uniq_grinder, uniq_pikel
D:5:      layout_gridville
D:6:      layout_basic, palyth_temple_overflow_mages, lemuel_crystal_altar,
          general_overflow_altar, minmay_temple_entry_overgrown,
          uniq_blork_the_orc, uniq_menkaure, uniq_crazy_yiuf_cottage
D:7:      erik_cavepeople, layout_loops_ring, nzn_wu_jian_contemplation,
          glass_columns_b
D:8:      minmay_the_grid_triangle_9x9_rhombus_full
          [minmay_the_grid_triangle_9x9_sprig,
          minmay_the_grid_triangle_9x9_tough_junction,
          minmay_the_grid_triangle_9x9_longest,
          minmay_the_grid_triangle_9x9_checkered,
          minmay_the_grid_triangle_9x9_dagger,
          minmay_the_grid_triangle_9x9_corruption,
          minmay_the_grid_triangle_9x9_from_above,
          minmay_the_grid_triangle_9x9_prize_insulated], layout_loops_ring,
          fedhas_altar_2, nicolae_yredelemnul_ghost_church, minivault_24,
          minmay_shop_chei, uniq_gastronok, uniq_joseph, uniq_grum
Temple:   pf_slimified_temple

Skill      XL: |  1  2  3  4  5  6  7  8  9 10 |
---------------+-------------------------------+-----
Dodging        | 3 4 5 |  5.8
Fighting       | 4 5 6 8 9 |  9.6
Unarmed Combat | 4 5 6 7 8 9 |  9.6
Armour         | 1 2 3 5 6 |  6.0
Stealth        | 3 4 5 |  5.0
Necromancy     | 4 |  4.1
Spellcasting   | 2 |  2.0

Action                   |  1- 3 |  4- 6 |  7- 9 | 10-12 || total
-------------------------+-------+-------+-------+-------++-------
Melee: Unarmed           |    70 |   180 |   624 |   187 ||  1061
       Punch             |       |     8 |    12 |     8 ||    28
Invok: Request Jelly     |       |       |     3 |     1 ||     4
  Use: Scroll            |       |     8 |     4 |       ||    12
       Potion            |       |       |     2 |     1 ||     3
 Stab: Distracted        |       |       |     1 |       ||     1
       Invisible         |       |       |     1 |       ||     1
Armor: Ring mail         |     7 |       |       |       ||     7
       Robe              |     1 |       |       |       ||     1
       Plate armour      |    18 |   133 |   543 |    88 ||   782
Dodge: Dodged            |    20 |    39 |   245 |    52 ||   356

Table legend: (Time is in decaauts)
 A = Elapsed time spent in this place.
 B = Non-inter-level travel time spent in this place.
 C = Inter-level travel time spent in this place.
 D = Time resting spent in this place.
 E = Time spent auto-exploring this place.
 F = Levels seen in this place.
 G = Mean time per level.
                   A        B        C        D        E       F      G
               +--------+--------+--------+--------+--------+-----+--------+
         Total |  10749 |  10384 |    365 |   1809 |   6638 |   9 | 1194.3 |
       Dungeon |  10740 |  10375 |    365 |   1809 |   6638 |   8 | 1342.5 |
        Temple |      8 |      8 |      0 |      0 |      0 |   1 |    8.0 |
               +--------+--------+--------+--------+--------+-----+--------+

Top non-repeatable levels by time:
     D:4: 2557 daAuts
     D:7: 1680 daAuts
     D:1: 1438 daAuts
     D:6: 1378 daAuts
     D:3: 1145 daAuts
     D:5: 1065 daAuts
     D:2: 882 daAuts
     D:8: 592 daAuts
  Temple: 8 daAuts
